 Dungeon Crawl Stone Soup version 0.20.1 (webtiles) character file.

38 polve the Changer (level 3, -5/28 HPs)
             Began as a Draconian Transmuter on July 2, 2017.
             Slain by a shadow imp (6 damage)
             ... summoned by Natasha
             ... on level 2 of the Dungeon.
             The game lasted 00:01:11 (1011 turns).

polve the Changer (Draconian Transmuter)            Turns: 1011, Time: 00:01:11

Health: -5/28      AC:  5    Str: 12    XL:     3   Next: 25%
Magic:  6/6        EV: 12    Int: 14    God:
Gold:   73         SH:  0    Dex: 11    Spells: 3/6 levels left

rFire    . . .     SeeInvis .     - Unarmed
rCold    . . .     Gourm    .   (no shield)
rNeg     . . .     Faith    .   (armour unavailable)
rPois    .         Spirit   .   (helmet restricted)
rElec    .         Reflect  .   (no cloak)
rCorr    .         Harm     .   (no gloves)
MR       .....                  (no boots)
Stlth    +.........             (no amulet)
Regen    0.1/turn               (no ring)
MPRegen  0.1/turn               (no ring)

@: appendage, slowed, very slow
A: unfitting armour, horns 2, cold-blooded, AC +5
a: End Transformation


You were on level 2 of the Dungeon.
You were not hungry.
You had grown temporary horns.
You visited 1 branch of the dungeon, and saw 2 of its levels.

You collected 73 gold pieces.

Inventory:

Missiles
 a - 12 arrows (quivered)
Scrolls
 e - a scroll of recharging {unknown}
 f - a scroll of enchant weapon {unknown}
 h - a scroll of amnesia {unknown}
 j - a scroll of noise {unknown}
 m - 2 scrolls of identify {unknown}
 p - 3 scrolls of magic mapping {unknown}
Potions
 d - a potion of magic
 g - a potion of resistance {unknown}
 i - a potion of agility {unknown}
 k - a potion of heal wounds {unknown}
 n - a potion of curing {unknown}
 o - a potion of degeneration {unknown}
Books
 b - a book of Changes

   Spells                             Type                      Level
   a - Beastly Appendage              Transmutation                1
   b - Sticks to Snakes               Transmutation                2
   c - Spider Form                    Transmutation/Poison         3
   d - Ice Form                       Ice/Transmutation            4
   e - Blade Hands                    Transmutation                5
Comestibles
 c - 2 bread rations
 l - a chunk of flesh


   Skills:
 - Level 1.1 Fighting
 - Level 1.7 Dodging
 - Level 3.0 Unarmed Combat
 - Level 2.0 Spellcasting
 + Level 3.7 Transmutations


You had 3 spell levels left.
You knew the following spells:

 Your Spells              Type           Power        Failure   Level  Hunger
a - Beastly Appendage     Tmut           ##....       4%          1    ##.....
b - Sticks to Snakes      Tmut           ##......     8%          2    ###....


Dungeon Overview and Level Annotations

Branches:
Dungeon (2/15)

Altars:

Annotations:
D:2 Natasha


Innate Abilities, Weirdness & Mutations

Your plain brown scales are hard. (AC +5)
You cannot fit into any form of body armour.
You are cold-blooded and may be slowed by cold attacks.
You have a pair of horns on your head.


Message History

Natasha claws you. The shadow imp gestures at you.
Pain shoots through your body!
Ouch! That really hurt!
* * * LOW HITPOINT WARNING * * *
Natasha closely misses you.
You hit Natasha but do no damage.
Natasha is moderately wounded.
The shadow imp hits you but does no damage.
Natasha stares at you and mumbles some strange words.
You resist with significant effort.
You barely miss Natasha. Your headbutt misses Natasha. You tail-slap Natasha.
Natasha is heavily wounded.
The shadow imp spits at you.
The shadow imp hits you but does no damage.
Natasha completely misses you. The shadow imp barely misses you.
Natasha claws you but does no damage.
It was a potion of magic.
Magic courses through your body. The shadow imp hits you.
You die...

### .. ... .# ...
.. ... #.## ###
#..# #..# #h5# #.@#
#..# #..## #...##
#.#..##############
####....(..#(......
#######.....)#..
##........
#........


You could see Natasha and a shadow imp.

Vanquished Creatures
  A gnoll (D:1)
  A worm (D:2)
  2 giant cockroaches
  A goblin (D:2)
  3 hobgoblins (D:1)
  4 jackals (D:1)
  A ball python (D:1)
  2 bats (D:1)
  3 frilled lizards (D:1)
  3 kobolds (D:1)
  4 rats (D:1)
25 creatures vanquished.

Notes
Turn   | Place    | Note
-------+----------+-------------------------------------------
     0 | D:1      | polve the Draconian Transmuter began the quest for the Orb.
     0 | D:1      | Reached XP level 1. HP: 16/16 MP: 3/3
    62 | D:1      | Reached XP level 2. HP: 13/23 MP: 5/5
   403 | D:1      | Learned a level 2 spell: Sticks to Snakes
   657 | D:1      | Reached XP level 3. HP: 22/28 MP: 6/6
  1001 | D:2      | Noticed Natasha
  1008 | D:2      | HP: 1/28 [shadow imp/nerve-wracking pain[Natasha] (14)]
  1011 | D:2      | Slain by a shadow imp

Skill      XL: |  1  2 |
---------------+-------+-----
Transmutations | 3 |  3.7
Fighting       | |  1.1
Dodging        | |  1.7
Unarmed Combat | |  3.0
Spellcasting   | |  2.0

Action                   || total
-------------------------++-------
Melee: Unarmed           ||   101
       Tailslap          ||    12
       Kick              ||     1
 Cast: Beastly Appendage ||     2
  Use: Potion            ||     1
Armor: Skin              ||    33
Dodge: Dodged            ||    94
